Map: Dusk Towers

Players

lesha - Winner!

  • Race: Terran Terran

A.I. 1 (Harder)

  • Race: Zerg Zerg

VOD

Have the link to the VOD?

Description

Time

  • Played on: Dec. 4, 2015, 10:20 a.m.
  • Length: 13:20
Show
View Real Time Build Order
Export as new Build Order

lesha Terran - Winner!

Build Orders: MMM Bio 

Get SALT Encoding   

  12  0:01  SCV  
  13  0:15  SCV  
  14  0:21  Supply Depot  
  14  0:27  SCV  
  15  0:43  SCV  
  15  0:45  Barracks  
  16  0:55  SCV  
  17  1:07  SCV  
  18  1:19  SCV  
  19  1:33  Command Center, Refinery  
  19  1:35  Refinery  
  19  1:39  Orbital Command  
  19  1:45  Marine  
  20  2:06  Marine  
  20  2:19  SCV  
  21  2:31  SCV  
  22  2:38  Marine  
  23  2:45  SCV  
  23  2:48  Supply Depot  
  24  2:57  SCV  
  25  2:58  Bunker  
  25  3:01  Marine  
  25  3:04  Factory  
  26  3:13  Orbital Command  
  26  3:15  SCV, Supply Depot  
  26  3:17  Supply Depot  
  27  3:27  SCV  
  28  3:32  Barracks Reactor  
  28  3:39  SCV  
  29  3:42  Barracks  
  29  3:43  SCV  
  30  3:51  SCV  
  30  3:52  Starport  
  30  3:55  SCV  
  32  4:01  Supply Depot  
  32  4:06  Factory Tech Lab  
  32  4:09  SCV  
  33  4:10  SCV  
  33  4:14  Marine x2  
  36  4:21  SCV  
  36  4:23  SCV  
  38  4:31  Barracks Tech Lab  
  38  4:33  SCV, Siege Tank  
  38  4:35  SCV  
  38  4:36  Marine x2  
  45  4:45  SCV  
  46  4:48  Engineering Bay  
  46  4:49  Engineering Bay  
  46  4:55  Marauder  
  46  4:58  Stimpack  
  46  4:59  Starport Reactor  
  48  5:14  Barracks  
  48  5:16  Barracks  
  48  5:33  Command Center  
  48  5:35  SCV  
  48  5:36  SCV  
  50  5:46  Marine x2  
  50  5:47  SCV, Refinery x2  
  50  5:48  SCV, Marauder  
  50  5:49  Siege Tank  
  59  5:54  Medivac  
  61  6:00  Medivac  
  61  6:03  Barracks  
  63  6:10  SCV  
  64  6:12  SCV  
  65  6:22  SCV  
  65  6:23  Supply Depot x2  
  65  6:24  SCV, Marine x2  
  69  6:25  Supply Depot x2  
  69  6:27  Barracks Reactor x2  
  69  6:34  SCV  
  70  6:44  SCV  
  71  6:59  Marine x2  
  73  7:01  Terran Infantry Weapons Level 1  
  73  7:02  Terran Infantry Armor Level 1  
  73  7:08  Orbital Command  
  73  7:09  Armory  
  73  7:13  SCV x2  
  75  7:21  Barracks Reactor  
  75  7:23  Marine, Marauder  
  75  7:24  Marine x5  
  75  7:27  Medivac x2  
  87  7:33  Combat Shields  
  87  7:41  Marine x3  
  87  7:42  Marine x2  
  92  7:44  Marauder  
  94  7:57  Medivac  
  96  8:00  Orbital Command  
  96  8:01  Marine x3  
  96  8:02  Marine  
  100  8:05  Marine  
  100  8:06  Marauder, Marine x3  
  100  8:08  Medivac  
  108  8:19  SCV, Marine x4  
  113  8:20  SCV  
  114  8:27  Marauder  
  114  8:30  SCV  
  117  8:39  Supply Depot x2  
  117  8:41  Supply Depot  
  117  8:43  Supply Depot  
  117  8:44  Supply Depot  
  117  8:51  Barracks x2  
  117  8:53  Barracks  
  117  8:55  Terran Infantry Weapons Level 2  
  117  8:57  Terran Infantry Armor Level 2  
  117  9:00  Medivac  
  117  9:01  SCV x3, Concussive Shells  
  122  9:10  Marine x4  
  122  9:12  Marauder  
  122  9:13  SCV  
  122  9:14  Medivac  
  122  9:15  Marine x2  
  122  9:16  Marine x2  
  135  9:27  Marine  
  135  9:28  Marine x2  
  135  9:30  Medivac  
  140  9:33  Marauder  
  142  9:42  SCV x2  
  144  9:47  Refinery  
  144  9:50  Refinery  
  144  9:51  Marine x6  
  150  9:54  SCV x2  
  150  9:55  Marauder  
  150  9:57  Marine  
  150  9:58  Marine x2  
  157  10:19  Supply Depot x2  
  157  10:21  Supply Depot  
  157  10:22  Supply Depot x2  
  157  10:24  Supply Depot  
  157  10:27  Supply Depot  
  157  10:28  Marine x5  
  157  10:30  Marauder  
  138  10:36  Marine x6  
  138  10:39  Medivac x2  
  148  10:46  Marine x5  
  153  10:59  Marine x7  
  153  11:03  Marine  
  161  11:04  Marine x4  
  161  11:09  Medivac  
  167  11:16  Marine  
  168  11:19  Marine x5  
  168  11:20  Marine  
  168  11:21  Marine  
  168  11:22  Marine x4  
  179  11:34  Marine  
  180  12:09  Marine x4  
  180  12:10  Marine x4  
  190  12:16  Barracks Tech Lab  
  190  12:19  Command Center, Barracks Reactor  
  190  12:20  Barracks Reactor  
  190  12:21  Command Center, Marine  
  189  12:23  Medivac  
  189  12:24  Medivac  
  189  12:27  Marine x4  
Show
View Real Time Build Order
Export as new Build Order

A.I. 1 (Harder) Zerg 

Build Orders: Pool First 

Get SALT Encoding   

  12  0:00  Drone  
  13  0:12  Overlord  
  13  0:17  Drone  
  14  0:30  Drone x2  
  16  0:42  Spawning Pool  
  16  0:44  Drone  
  16  0:49  Drone  
  17  0:52  Extractor  
  17  0:55  Drone  
  17  1:06  Overlord  
  17  1:29  Queen  
  17  1:31  Zergling x2  
  20  1:34  Roach Warren  
  20  1:38  Drone, Zergling x2  
  21  1:41  Extractor  
  20  1:49  Drone  
  21  1:59  Zergling x2  
  22  2:10  Zergling x2  
  23  2:21  Overlord  
  23  2:32  Lair, Drone  
  24  2:44  Drone  
  25  2:57  Drone  
  26  3:12  Zergling x2  
  27  3:16  Overlord  
  27  3:19  Zergling x2  
  28  3:30  Drone, Infestation Pit  
  28  3:33  Hydralisk Den  
  27  3:40  Zergling x2  
  28  3:44  Drone  
  29  4:01  Hydralisk  
  29  4:02  Metabolic Boost  
  31  4:09  Infestor  
  33  4:12  Drone  
  33  4:15  Drone  
  33  4:16  Infestor  
  37  4:20  Drone  
  37  4:22  Drone  
  39  4:27  Drone  
  40  4:37  Overlord  
  40  4:42  Infestor  
  42  4:50  Evolution Chamber, Drone  
  42  4:55  Drone  
  42  4:59  Infestor  
  45  5:07  Hydralisk  
  47  5:20  Baneling Nest  
  46  5:21  Drone  
  47  6:07  Overlord, Roach  
  47  6:10  Zerg Melee Weapons Level 1  
  49  6:15  Hatchery  
  49  6:16  Hydralisk  
  50  6:26  Lurker Den  
  46  6:51  Zergling x2  
  38  6:56  Spore Crawler  
  38  6:59  Hydralisk  
  38  7:00  Spore Crawler, Drone  
  39  7:20  Queen  
  41  7:27  Drone x2  
  41  7:28  Drone x4  
  41  7:29  Drone x4  
  51  7:34  Extractor  
  50  7:37  Drone  
  50  7:38  Drone, Extractor  
  51  7:48  Drone  
  51  7:49  Drone  
  53  7:53  Drone  
  53  7:54  Drone x2  
  53  7:55  Lurker  
  53  7:58  Hydralisk  
  57  8:01  Drone  
  57  8:04  Zerg Missile Weapons Level 1  
  60  8:08  Muscular Augments  
  60  8:09  Drone  
  60  8:11  Overlord  
  61  8:17  Burrow  
  61  8:20  Drone  
  61  8:22  Drone  
  61  8:25  Drone x2, Roach  
  67  8:30  Overlord  
  67  8:34  Ravager, Hydralisk  
  70  8:44  Roach  
  70  8:47  Spine Crawler  
  71  8:48  Drone  
  71  8:52  Overlord  
  71  8:53  Lurker  
  71  8:55  Hydralisk Den  
  72  8:56  Drone, Hydralisk  
  75  9:05  Drone, Spine Crawler, Hydralisk  
  75  9:09  Spore Crawler  
  76  9:10  Drone  
  76  9:13  Spore Crawler  
  76  9:14  Drone  
  76  9:15  Hydralisk  
  79  9:19  Queen  
  79  9:20  Overlord  
  81  9:25  Lurker, Hydralisk  
  84  9:32  Overseer  
  84  9:37  Spine Crawler  
  84  9:38  Spine Crawler  
  82  9:49  Evolution Chamber  
  82  9:50  Drone  
  82  9:53  Drone, Spire  
  82  9:58  Zerg Ground Armor Level 1  
  82  10:13  Overseer  
  82  10:18  Pneumatized Carapace  
  80  10:30  Hatchery, Roach  
  64  10:35  Zergling x2  
  64  10:41  Hydralisk  
  53  10:46  Hydralisk  
  55  10:52  Hydralisk  
  57  11:01  Roach  
  57  11:02  Overseer  
  58  11:06  Zergling x2  
  59  11:12  Hydralisk  
  59  11:17  Hydralisk  
  57  11:24  Roach  
  58  11:29  Hydralisk  
  54  11:35  Zergling x2  
  54  11:40  Drone  
  54  11:41  Roach  
  54  11:46  Hydralisk  
  57  11:47  Drone  
  57  11:49  Overlord  
  57  11:52  Hydralisk  
  51  12:02  Roach  
  51  12:06  Overlord  
  48  12:10  Overlord  
  48  12:12  Overseer  
  41  12:24  Hydralisk  
  41  12:29  Overlord  
  40  12:31  Hydralisk  
  40  12:32  Hydralisk  
  40  12:35  Overlord  
  37  12:43  Overlord  
  36  12:44  Overlord  
  36  12:45  Drone  
  36  12:48  Spawning Pool  
Tags
 
Composition
MMM Bio
Matchup
TvZ
Opening
Pool First
Add a new tag
Caveats
  • Supply blocks, unpowered buildings, or Contaminate may cause inaccurate times.
  • Supply counts are checked every 10 seconds.